 Dungeon Crawl Stone Soup version 0.14-a0-663-gfc8c466 (webtiles) character file.

14819 JacquesDerrida the Frost Mage (level 12, -2/66 HPs)
             Began as an Octopode Ice Elementalist on Nov 6, 2013.
             Was the Champion of Sif Muna.
             Slain by Maud
             ... wielding a +1,+5 demon trident of flaming
              (23 damage)
             ... on Level 4 of the Lair of Beasts.
             The game lasted 01:08:17 (12616 turns).

JacquesDerrida the Frost Mage (OpIE)               Turns: 12616, Time: 01:08:18

HP  -2/66        AC  1     Str  8      XL: 12   Next: 14%
MP  17/45        EV 12     Int 22      God: Sif Muna [******]
Gold 610         SH  0     Dex 11 (12) Spells:  5 memorised, 13 levels left

Res.Fire  : + . .   See Invis. : .   B - +4,+2 quarterstaff (speed)
Res.Cold  : . . .   Warding    : .   (no shield)
Life Prot.: . . .   Conserve   : .   (helmet restricted)
Res.Poison: +       Res.Corr.  : .   m - amulet of clarity
Res.Elec. : .       Clarity    : +   k - ring of poison resistance
Sust.Abil.: . .     Spirit.Shd : .   f - ring of magical power
Res.Mut.  : .       Stasis     : .   v - ring of protection from fire
Res.Rott. : .       Flight     : .   d - ring of magical power
Saprovore : . . .                    (no ring)
                                     (no ring)
                                     (no ring)
                                     (no ring)

@: very slightly contaminated, hasted, very quick, somewhat resistant to hostile
enchantments, quite stealthy
A: almost no armour, amphibious, 8 rings, constrict 8, camouflage 1, AC +1
a: Channel Energy, Forget Spell, Renounce Religion


You were on level 4 of the Lair of Beasts.
You worshipped Sif Muna.
Sif Muna was exalted by your worship.
You were hungry.

You visited 3 branches of the dungeon, and saw 14 of its levels.

You collected 638 gold pieces.
You spent 28 gold pieces at shops.

Inventory:

Hand weapons
 y - a +0 blowgun
 B - a +4,+2 quarterstaff of speed (weapon)
Missiles
 C - 15 poisoned needles
Magical devices
 o - a wand of confusion (11)
 x - a wand of frost (1)
Comestibles
 c - 4 bread rations
 p - an apple
 s - a choko
 w - a meat ration
Scrolls
 a - a scroll of amnesia
 g - 5 scrolls of identify
 h - 3 scrolls of remove curse
 j - 3 scrolls of fog
 l - 2 scrolls of teleportation
 n - a scroll of magic mapping
Jewellery
 d - a ring of magical power (on tentacle)
 f - a ring of magical power (right tentacle)
 k - a ring of poison resistance (left tentacle)
 m - an amulet of clarity (around mantle)
 t - an uncursed ring of teleportation
 v - a ring of protection from fire (on tentacle)
Potions
 i - 3 potions of curing
 q - 2 potions of speed
 r - 3 potions of restore abilities
Books
 u - a book of Conjurations

   Spells                             Type                      Level
   Magic Dart                         Conjuration                  1
   Searing Ray                        Conjuration                  2
   Dazzling Spray                     Conjuration/Hexes            3
   Iskenderun's Mystic Blast          Conjuration                  4
   Iskenderun's Battlesphere          Conjuration/Charms           4
   Fulminant Prism                    Conjuration/Hexes            5


   Skills:
 - Level 2.0 Dodging
 - Level 2.6 Stealth
 + Level 8.1 Spellcasting
 - Level 11.2 Conjurations
 - Level 3.3 Summonings
 + Level 12.3 Ice Magic
 - Level 3.2 Invocations


You had 13 spell levels left.
You knew the following spells:

 Your Spells              Type           Power        Failure   Level  Hunger
a - Freeze                Ice            ####         1%          1    None
b - Ozocubu's Armour      Chrm/Ice       #####.....   1%          3    None
c - Throw Frost           Conj/Ice       ######       1%          2    None
d - Summon Ice Beast      Ice/Summ       #####.....   3%          4    ###....
e - Throw Icicle          Conj/Ice       ######..     1%          4    ###....


Dungeon Overview and Level Annotations

Branches:
Dungeon (9/27)             Temple (1/1) D:6             Orc (0/4) D:7
   Lair (4/8) D:9
  Swamp: Lair:3-6     Snake: Lair:3-6

Altars:
Ashenzari
Cheibriados
Elyvilon
Fedhas
Kikubaaqudgha
Makhleb
Nemelex Xobeh
Okawaru
Sif Muna
Trog
Vehumet
Xom
Yredelemnul
Zin
the Shining One

Shops:
D:4 [   D:8 =

Annotations:
D:3 Ijyb
D:4 exclusion: zombie
D:5 exclusion: statue
Lair:3 exclusion: oklob plant
Lair:4 Maud


Innate Abilities, Weirdness & Mutations

You cannot wear most types of armour.
You are amphibious.
You can wear up to eight rings at the same time.
You can use your tentacles to constrict many enemies at once.
Your skin changes colour to match your surroundings (Stlth).
Your rubbery body absorbs attacks (AC +1).


Message History

A chill wind blows around you.
Maud hits you from afar with a demon trident of flaming.
Your ice beast hits Maud but does no damage.
Maud screams, "If you give me 'Entarex', I'll let you live!"
Your ice beast hits Maud but does no damage.
Your ice beast barely misses Maud.
Drink which item? (? for menu, Esc to quit)
You feel yourself speed up.
Casting: Summon Ice Beast
Confirm with . or Enter, or press ? or * to list all spells.
Aiming: Throw Icicle
Press: ? - help, Shift-Dir - straight line, f/p - Maud
Aim: Maud, wielding a demon trident of flaming and wearing a glowing chain mail (severely wounded) Really fire in your ice beast's direction? [Y]es or [N]o only, please.
Really fire in your ice beast's direction?
The shard of ice hits Maud.
Maud is almost dead.
Maud hits you from afar with a demon trident of flaming!
You die...

#............##
##.........##
#........P##
###....#..P#
#.I...####
##II.## #.@..#
##..#.# #@####
###


You could see Maud and 3 friendly ice beasts.

Vanquished Creatures
  A hydra (Lair:3)
  A hill giant (D:9)
  3 elephants (Lair:2)
  A komodo dragon (Lair:3)
  A basilisk (Lair:3)
  6 blink frogs
  9 yaks
  A deep elf fighter (D:9)
  An elephant slug (Lair:2)
  Eustachio (D:4)
  2 hippogriffs (D:9)
  5 wolves (Lair:3)
  Edmund (D:5)
  5 porcupines
  3 sky beasts
  2 ice beasts
  4 ogres
  An orc warrior (D:7)
  A yellow wasp (D:9)
  6 crocodiles
  2 phantoms
  3 boring beetles (D:9)
  2 centaurs
  6 water moccasins
  A giant slug (Lair:2)
  3 wargs (D:7)
  A big kobold (D:9)
  9 giant frogs
  Blork the orc (D:5)
  3 agate snails
  A manticore skeleton (D:6)
  A yak zombie (D:7)
  2 goliath beetles
  11 killer bees
  9 crimson imps
  2 big fish (Lair:2)
  A gnoll shaman (D:6)
  An orc priest (D:8)
  13 hounds
  5 orc wizards
  7 iguanas
  3 worker ants
  19 sheep
  12 gnolls
  27 green rats
  11 adders
  5 giant centipedes
  An inept feature mimic (D:9)
  A giant mite (D:6)
  An inept item mimic (D:5)
  2 worms (D:9)
  A scorpion zombie (D:9)
  A giant eyeball (D:4)
  9 giant geckos
  15 orcs
  4 ball pythons
  12 bats
  14 goblins
  16 hobgoblins
  21 kobolds
  3 quokkas
  A giant cockroach (D:6)
  4 giant newts
  A giant spore (D:6)
  2 hobgoblin zombies
  42 jackals
  A jackal skeleton (D:8)
  9 rats
  A rat zombie (D:5)
378 creatures vanquished.

Vanquished Creatures (collateral kills)
  A hydra (Lair:4)
  Pikel (D:6)
  An elephant (Lair:4)
  A troll (D:7)
  2 basilisks
  A necrophage (D:7)
  2 slaves (D:6)
  Sigmund (D:6)
  2 giant frogs
  A killer bee (D:7)
  An iguana (Lair:4)
  A big kobold skeleton (D:7)
  3 orcs
  A jackal (Lair:3)
  A bat (Lair:3)
  An orc zombie (D:7)
  A rat (D:7)
22 creatures vanquished.

Vanquished Creatures (others)
  A hill giant skeleton (D:6)
  A slave (D:6)
  A centaur (D:6)
  6 ice beasts
  A bat (D:6)
  3 fungi
13 creatures vanquished.

Grand Total: 413 creatures vanquished

Notes
Turn   | Place    | Note
--------------------------------------------------------------
     0 | D:1      | JacquesDerrida, the Octopode Ice Elementalist, began the quest for the Orb.
     0 | D:1      | Reached XP level 1. HP: 11/11 MP: 3/3
   335 | D:1      | Reached XP level 2. HP: 12/17 MP: 2/4
   873 | D:2      | Reached skill level 4 in Ice Magic
   880 | D:2      | Reached XP level 3. HP: 4/21 MP: 2/5
  1123 | D:2      | Learned a level 3 spell: Ozocubu's Armour
  1160 | D:2      | Reached XP level 4. HP: 18/27 MP: 2/7
  1193 | D:2      | Reached skill level 5 in Ice Magic
  1422 | D:2      | Found a burning altar of Makhleb.
  1547 | D:3      | Noticed Ijyb
  1748 | D:3      | Found a bloodstained altar of Trog.
  2038 | D:3      | Reached XP level 5. HP: 26/31 MP: 4/8
  2341 | D:4      | Noticed an ogre
  2346 | D:4      | Learned a level 2 spell: Throw Frost
  2756 | D:4      | Reached skill level 6 in Ice Magic
  2765 | D:4      | Found Qikh's Armour Shop.
  2777 | D:4      | Noticed Eustachio
  2806 | D:4      | Gained mutation: You digest meat inefficiently. [potion of mutation]
  2806 | D:4      | Gained mutation: Your magical capacity is low (-10% MP). [potion of mutation]
  2806 | D:4      | Gained mutation: You can spit poison. [potion of mutation]
  2807 | D:4      | Paralysed by a potion of paralysis for 2 turns
  2841 | D:4      | Lost mutation: Your magical capacity is low (-10% MP). [potion of cure mutation]
  2841 | D:4      | Lost mutation: You digest meat inefficiently. [potion of cure mutation]
  2841 | D:4      | Lost mutation: You can spit poison. [potion of cure mutation]
  2862 | D:4      | Killed Eustachio
  2862 | D:4      | Reached skill level 7 in Ice Magic
  2862 | D:4      | Reached XP level 6. HP: 11/36 MP: 0/9
  2994 | D:4      | Paralysed by a giant eyeball for 4 turns
  3527 | D:4      | Killed an ogre
  3606 | D:5      | Entered Level 5 of the Dungeon
  3680 | D:5      | Reached XP level 7. HP: 29/41 MP: 9/12
  3760 | D:5      | Noticed Blork the orc
  3771 | D:5      | Killed Blork the orc
  3822 | D:5      | Noticed Edmund
  3965 | D:5      | Found a radiant altar of Vehumet.
  4027 | D:5      | Killed Edmund
  4027 | D:5      | Reached XP level 8. HP: 23/46 MP: 1/16
  4413 | D:6      | Reached skill level 5 in Conjurations
  4425 | D:6      | Learned a level 4 spell: Summon Ice Beast
  4465 | D:6      | Reached skill level 1 in Summonings
  4830 | D:6      | Reached skill level 8 in Ice Magic
  4855 | D:6      | Found a shimmering altar of Xom.
  5081 | D:6      | Noticed Sigmund
  5339 | D:6      | Killed Sigmund
  5364 | D:6      | Noticed Pikel
  5402 | D:6      | Killed Pikel
  5402 | D:6      | Reached XP level 9. HP: 43/51 MP: 3/18
  5469 | D:7      | Learned a level 4 spell: Throw Icicle
  5691 | D:7      | Reached skill level 9 in Ice Magic
  5990 | D:6      | Found a staircase to the Ecumenical Temple.
  6000 | Temple   | Entered the Ecumenical Temple
  6057 | Temple   | Became a worshipper of Sif Muna the Loreminder
  6517 | D:7      | Acquired Sif Muna's first power
  6520 | D:7      | Found a staircase to the Orcish Mines.
  6639 | D:7      | Reached skill level 1 in Invocations
  7245 | D:8      | Reached XP level 10. HP: 56/56 MP: 19/19
  7281 | D:8      | Found a snail-covered altar of Cheibriados.
  7281 | D:8      | Found an ancient bone altar of Kikubaaqudgha.
  7335 | D:8      | Reached skill level 10 in Ice Magic
  7486 | D:8      | Found Yha Tidahunt's Jewellery Emporium.
  7500 | D:8      | JacquesDerrida: dang
  7500 | D:8      | 4tharraofdagon: so good
  7500 | D:8      | Bought an uncursed amulet of inaccuracy for 28 gold pieces
  7887 | D:9      | Acquired Sif Muna's second power
  8157 | D:9      | Noticed a hill giant
  8168 | D:9      | Killed a hill giant
  9018 | D:9      | Reached skill level 5 in Spellcasting
  9103 | D:9      | Found a staircase to the Lair.
  9246 | D:9      | Reached skill level 10 in Conjurations
  9380 | Lair:1   | Entered Level 1 of the Lair of Beasts
  9497 | Lair:1   | Reached XP level 11. HP: 53/61 MP: 22/22
  9773 | Lair:1   | Acquired Sif Muna's third power
  9788 | Lair:1   | Reached skill level 11 in Conjurations
 11605 | Lair:2   | Found a blossoming altar of Fedhas.
 11687 | Lair:3   | Noticed an eight-headed hydra
 12058 | Lair:3   | Killed an eight-headed hydra
 12126 | Lair:3   | Reached skill level 12 in Ice Magic
 12282 | Lair:3   | Reached XP level 12. HP: 62/66 MP: 27/27
 12349 | Lair:4   | Noticed a six-headed hydra
 12360 | Lair:4   | Killed a six-headed hydra
 12360 | Lair:4   | Received a gift from Sif Muna
 12575 | Lair:4   | Noticed Maud
 12616 | Lair:4   | Slain by Maud

Action                   |  1- 3 |  4- 6 |  7- 9 | 10-12 || total
-------------------------+-------+-------+-------+-------++-------
Melee: Unarmed           |    20 |       |       |       ||    20
       Mace              |     9 |       |       |       ||     9
       Spear             |    15 |    37 |       |       ||    52
       Sabre             |       |     8 |     8 |       ||    16
       Flail             |       |       |    17 |       ||    17
       Whip              |       |       |    37 |       ||    37
       Quarterstaff      |       |       |       |   132 ||   132
 Fire: Blowgun           |       |    10 |    13 |    14 ||    37
 Cast: Freeze            |    15 |    70 |   150 |   220 ||   455
       Ozocubu's Armour  |       |     2 |    17 |    20 ||    39
       Throw Frost       |       |     2 |    38 |    44 ||    84
       Summon Ice Beast  |       |       |    18 |    17 ||    35
       Throw Icicle      |       |       |    12 |   192 ||   204
Invok: Channel Energy    |       |       |       |    98 ||    98
Evoke: Wand              |       |     1 |    14 |     1 ||    16
  Use: Potion            |     1 |     8 |     4 |     8 ||    21
       Scroll            |       |     6 |    14 |    10 ||    30
 Stab: Sleeping          |     4 |     5 |     6 |     4 ||    19
       Invisible         |       |     1 |       |       ||     1
       Distracted        |       |       |     1 |       ||     1
